[Event "Late-Titled-Tuesday-Blitz-January-23-2024"]
[Site "Chess.com"]
[Date "2024.01.23"]
[Round "2"]
[White "cthulhuuu"]
[Black "ChessBrainiacOnTwitch"]
[Result "1-0"]
[WhiteElo "2440"]
[BlackElo "2788"]
[TimeControl "180+1"]
[EndTime "14:18:18 PST"]
[Termination "cthulhuuu won on time"]

1. e4 c5 2. Nf3 d6 3. g3 Nf6 4. d3 g6 5. Bg2 Bg7 6. O-O O-O 7. Re1 a6 8. e5 Nd5 9. exd6 exd6 10. d4 Nc6 11. c3 Bf5 12. Bg5 Qd7 13. Qd2 Rfe8 14. Na3 b5 15. Bh6 Bh8 16. dxc5 dxc5 17.
Rad1 Rad8 18. Bg5 Nf6 19. Qxd7 Rxe1+ 20. Nxe1 Rxd7 21. Rxd7 Bxd7 22. Nd3 c4 23. Nc5 Ne5 24. Nxa6 Nd3 25. Nb8 Be8 26. Bc6 Bxc6 27. Nxc6 Nxb2 28. Nxb5 Ne4 29. Bh6 f5 30. Nbd4 Nxc3 31. Ne6 Kf7 32. Ng5+ Ke8 33. Nxh7 Nd5 34. Na5 c3 35. Nb3 Nb4 36.
a3 N4d3 37. Ng5 Kd7 38. Nf3 Kc6 39. Nfd4+ Kd5 40. a4 Kc4 41. a5 Bxd4 42. Nxd4 Kxd4 43. a6 Nc4 44. a7 Nb6 45. Be3+ Ke4 46. Bxb6 c2 47. a8=Q+ 1-0

[Event "Late-Titled-Tuesday-Blitz-January-23-2024"]
[Site "Chess.com"]
[Date "2024.01.23"]
[Round "2"]
[White "platy3"]
[Black "AlexSuv"]
[Result "1-0"]
[WhiteElo "2874"]
[BlackElo "2571"]
[TimeControl "180+1"]
[EndTime "14:18:19 PST"]
[Termination "platy3 won by resignation"]

1. e4 c5 2. Nf3 d6 3. Bb5+ Bd7 4. Bxd7+ Qxd7 5. O-O Nc6 6. Qe2 g6 7. c3 Bg7 8. Rd1 e5 9. d3 Nge7 10. a3 O-O 11. b4 b6 12. Nbd2 f5 13. Nc4 h6 14.
h3 Rad8 15. b5 Nb8 16. a4 g5 17.
Ne3 Qe6 18. a5 Nd7 19. axb6 axb6 20. Qa2 d5 21. Nxd5 Nxd5 22. Qxd5 Qxd5 23. exd5 e4 24. dxe4 fxe4 25. Nd2 Bxc3 26. Ra6 Nf6 27. Nc4 Rxd5 28. Rxd5 Nxd5 29. Nxb6 Nb4 30. Ra3 Bd4 31. Be3 Nc2 32. Rb3 Rd8 33. Nc4 Bxe3 34. fxe3 Nb4 35. b6 Rd7 36.
Ra3 Kf7 37. Ra7 Ke6 38. b7 Nc6 39. Ra6 Rxb7 40. Rxc6+ Kd5 41. Rb6 Ra7 42. Nd2 Ra2 43.
Rb8 Rxd2 44. Rd8+ Kc4 45. Rxd2 Kc3 46. Rd8 c4 47. Kf2 Kb2 48. Ke2 c3 49. Rb8+ Kc1 50. Rc8 Kb2 51. g4 Kc2 52. Rc4 Kb3 53. Rxe4 c2 54. Kd2 Kb2 55. Rb4+ 1-0

[Event "Late-Titled-Tuesday-Blitz-January-23-2024"]
[Site "Chess.com"]
[Date "2024.01.23"]
[Round "2"]
[White "azikom"]
[Black "sebastianmarinp"]
[Result "1-0"]
[WhiteElo "2676"]
[BlackElo "2401"]
[TimeControl "180+1"]
[EndTime "14:18:20 PST"]
[Termination "azikom won on time"]

1. c4 e5 2. Nc3 Nf6 3. e3 Nc6 4. Nf3 Bb4 5. Nd5 e4 6. Nxb4 Nxb4 7. Nd4 c5 8. Nb5 d5 9. a3 Nd3+ 10. Bxd3 exd3 11. cxd5 O-O 12. O-O a6 13. Nc3 Nxd5 14.
Qb3 Nxc3 15. Qxc3 b6 16. b4 cxb4 17. axb4 Bb7 18. Bb2 Qg5 19. f3 Rfd8 20. Qe5 Qxe5 21. Bxe5 Rac8 22. Bc3 f5 23. Ra3 Kf7 24. Kf2 Rd7 25.
Rfa1 Ke6 26. h4 g6 27. Kg3 h6 28. Bd4 Rc2 29. Rxd3 b5 30. Raa3 Rd8 31. Rac3 Rxc3 32. Rxc3 Rc8 33. Bc5 Bd5 34. d4 Bc4 35. Ra3 Rc6 36. e4 fxe4 37. fxe4 Kf7 38. d5 Rf6 39.
Bd4 Rf1 40. Rxa6 Re1 41. Rf6+ Ke7 42. Re6+ Kf7 43. Kf4 Rf1+ 44. Ke5 g5 45. Rxh6 gxh4 46. Rxh4 Re1 47. Rf4+ Ke7 48. Bc5+ Kd7 49. g4 Bd3 50. g5 Bxe4 51. Rxe4 1-0

[Event "Late-Titled-Tuesday-Blitz-January-23-2024"]
[Site "Chess.com"]
[Date "2024.01.23"]
[Round "2"]
[White "KNVB"]
[Black "PoXerStar"]
[Result "1-0"]
[WhiteElo "2749"]
[BlackElo "2434"]
[TimeControl "180+1"]
[EndTime "14:18:22 PST"]
[Termination "KNVB won by resignation"]

1. d4 Nf6 2. Bf4 c5 3. e3 Qb6 4.
Nc3 Qxb2 5. Nb5 Nd5 6. Rb1 Qxa2 7. Ra1 Qb2 8. Rb1 Qa2 9. c4 Nxf4 10. Nc7+ Kd8 11. Nxa8 Ng6 12. h4 h5 13. Nf3 e6 14.
Ng5 cxd4 15. Nxf7+ Ke8 16. Nxh8 Nc6 17. Nxg6 Bb4+ 18.
Rxb4 Nxb4 19. Be2 Nc2+ 20. Kf1 dxe3 21. Nc7+ Kf7 22. Ne5+ Kg8 23. Rh3 exf2 24. Kxf2 Qb2 25. Qd6 Nd4 26. Re3 Nf5 27. Qd3 Nxe3 28. Qxe3 d6 29.
Nf3 e5 30. Nd5 Bg4 31. Kg3 b6 32. Ng1 Qd4 33. Qxd4 exd4 34. Bxg4 hxg4 35. Ne2 Kf7 36. Nxd4 Ke8 37. Kxg4 Kd7 38. Kg5 b5 39. cxb5 Kc8 40.
Kg6 Kb7 41. Kxg7 a6 42. bxa6+ Kxa6 43. g4 Ka5 44. g5 Ka4 45. Kf6 Ka3 46. Ke6 Ka2 47.
Kxd6 Kb2 48. g6 Kc1 49. Ke5 Kd1 50. h5 Ke1 51. h6 Kf1 52. g7 Kg1 53. h7 Kh1 54.
h8=N Kg1 55. g8=N Kf1 56. Ndf6 Ke1 57. Ne4 Kd1 58. Ngf6 Kc1 59. Nh5 Kb1 60. Nf4 Kb2 61. Nhg6 Ka3 62. Kd5 Ka4 63. Kc6 Ka5 64. Kb7 Ka4 65.
Kb6 Ka3 66. Kb5 Ka2 67. Kb4 Kb1 68. Nd3 1-0

[Event "Late-Titled-Tuesday-Blitz-January-23-2024"]
[Site "Chess.com"]
[Date "2024.01.23"]
[Round "2"]
[White "cristiano78"]
[Black "WPWPWP-2015"]
[Result "1/2-1/2"]
[WhiteElo "2225"]
[BlackElo "2480"]
[TimeControl "180+1"]
[EndTime "14:18:23 PST"]
[Termination "Game drawn by repetition"]

1. d4 Nf6 2. c4 e6 3. Nf3 b6 4. g3 Bb7 5. Bg2 Be7 6. O-O O-O 7. Nc3 d5 8. Ne5 Nbd7 9. cxd5 exd5 10. Be3 c6 11. h3 Ne8 12. Rc1 Nd6 13. b3 f6 14.
Nxd7 Qxd7 15. f4 Rae8 16. Bf2 f5 17. Qd2 Bf6 18. e3 Re7 19. Rfe1 Rfe8 20. Bf3 g6 21. g4 Bc8 22. g5 Bg7 23. h4 Bb7 24. Qd1 Ne4 25. Nxe4 Rxe4 26. Bxe4 fxe4 27. Kg2 Bc8 28.
Rh1 Bf8 29. h5 Qd6 30. hxg6 hxg6 31. Rh4 Bf5 32. Qd2 a5 33. Rch1 Bg7 34. Be1 Rd8 35. Qf2 Rd7 36. Rh7 Qa3 37. Qh4 Qxa2+ 38. Bf2 Qe2 39. Rxg7+ Rxg7 40. Qh8+ Kf7 41. Qb8 Qg4+ 42.
Kf1 Qd1+ 43. Kg2 Qf3+ 44. Kg1 Qg4+ 45. Kf1 Bd7 46. Rh8 Qd1+ 47. Kg2 Qf3+ 48. Kg1 Qg4+ 49.
Kf1 Qd1+ 50. Kg2 Qf3+ 51. Kg1 Qg4+ 52. Kh1 Qf3+ 53. Kg1 1/2-1/2

[Event "Late-Titled-Tuesday-Blitz-January-23-2024"]
[Site "Chess.com"]
[Date "2024.01.23"]
[Round "2"]
[White "brm72"]
[Black "Polish_fighter3000"]
[Result "0-1"]
[WhiteElo "2674"]
[BlackElo "3088"]
[TimeControl "180+1"]
[EndTime "14:18:24 PST"]
[Termination "Polish_fighter3000 won by resignation"]

1. e4 Nf6 2. e5 Nd5 3. d4 d6 4. c4 Nb6 5. exd6 exd6 6. Nc3 Be7 7. Bd3 Nc6 8. Nge2 Bg4 9. Be3 Qd7 10. Qd2 Nb4 11. Ng3 Nxd3+ 12. Qxd3 d5 13. c5 Nc4 14. b3 Nxe3 15. Qxe3 O-O 16. O-O Rae8 17. Qf4 c6 18. h3 Be6 19. Rfe1 Bd8 20. Nh5 Bf5 21. b4 g6 22. Ng3 Bc7 23. Qf3 Rxe1+ 24. Rxe1 Re8 25. Re3 Be6 26. a3 Qe7 27. Nd1 Qh4 28. Rd3 Bd7 29. Ne3 h5 30. Ngf1 Re6 31. Nc2 Rf6 32. Qe2 Bf5 33. Rd1 Bxh3 34. gxh3 Qxh3 35. Rd3 Qh4 36.
Ne1 Qg5+ 37. Ng2 Kg7 38. Rh3 Qf5 39. Rd3 b5 40. Qe3 a5 41. Qh3 Qe4 42. Qe3 axb4 43.
axb4 Qf5 44. Ng3 Qg4 45. Rd2 h4 46. Nf1 h3 47. Qg3 Bxg3 48. Nxg3 hxg2 49. Kxg2 Qf3+ 50. Kg1 Re6 51. Re2 Rxe2 52. Nxe2 Qxe2 0-1

[Event "Late-Titled-Tuesday-Blitz-January-23-2024"]
[Site "Chess.com"]
[Date "2024.01.23"]
[Round "2"]
[White "Byniolus"]
[Black "santosalberto1987"]
[Result "1-0"]
[WhiteElo "2872"]
[BlackElo "2566"]
[TimeControl "180+1"]
[EndTime "14:18:24 PST"]
[Termination "Byniolus won on time"]

1. d4 Nf6 2. Nf3 d6 3. Bf4 g6 4. e3 Bg7 5. h3 O-O 6. Be2 b6 7.
O-O Bb7 8. a4 a6 9. c3 Nbd7 10.
Nbd2 Re8 11. Bh2 e5 12. Qb3 Qe7 13. Rfd1 Ne4 14. Nxe4 Bxe4 15. Nd2 Bb7 16. Bf3 Bxf3 17. Nxf3 e4 18. Nd2 Kh8 19. c4 f5 20. a5 Reb8 21.
axb6 Rxb6 22. Qa3 Qf7 23. b4 g5 24. c5 dxc5 25. bxc5 Rg6 26. Qb3 Qxb3 27. Nxb3 c6 28.
Bd6 Nf6 29. Na5 Rc8 30. Nc4 Ne8 31. Rxa6 h5 32. Rda1 f4 33. Ra8 Rxa8 34. Rxa8 Re6 35. Ne5 Kh7 36. Rd8 Bxe5 37. Bxe5 fxe3 38. fxe3 Kg6 39.
Kf2 Nf6 40. Bxf6 Kxf6 41. g4 hxg4 42. hxg4 Ke7 43. Rg8 Kf6 44. Ke2 Re7 45. Rc8 Re6 46. Kd2 Ke7 47. Rg8 Kf6 48. Kc3 Re7 49. Rc8 Re6 50. Kc4 Kg6 51. Rd8 Kf7 52. Rd6 1-0

[Event "Late-Titled-Tuesday-Blitz-January-23-2024"]
[Site "Chess.com"]
[Date "2024.01.23"]
[Round "2"]
[White "Vladimir_Zakhartsov"]
[Black "CarrotsandPizza"]
[Result "1-0"]
[WhiteElo "2854"]
[BlackElo "2554"]
[TimeControl "180+1"]
[EndTime "14:18:24 PST"]
[Termination "Vladimir_Zakhartsov won by resignation"]

1. e4 c5 2. Nf3 Qb6 3. d4 cxd4 4.
Nxd4 Nf6 5. Nc3 e5 6. Nb3 Bb4 7. Bd3 d5 8. exd5 Nxd5 9. Bd2 Nxc3 10. bxc3 Bd6 11. O-O O-O 12. Rb1 Qc7 13. Qe2 Be6 14.
c4 Nd7 15. Rfe1 Rac8 16. c5 Be7 17. Bc3 Rfd8 18. Bxe5 Nxe5 19. Qxe5 Qxe5 20. Rxe5 Bf6 21. Ree1 Rd7 22. a4 g6 23. Be4 Bd5 24. Rbd1 Rcd8 25. Bxd5 Rxd5 26. Rxd5 Rxd5 27. Re8+ Kg7 28. g3 Rd7 29. Rc8 h5 30. h4 Be5 31. c6 bxc6 32.
Rxc6 Bc7 33. Kg2 Bb6 34. a5 Bd8 35. a6 Bb6 36. Kf3 Re7 37. c4 Rd7 38. c5 Rd3+ 39. Ke4 Rxb3 40. cxb6 axb6 41. Kd5 Rb2 42. a7 Ra2 43. Rc7 Kf6 44. Kc6 Ke6 45. Kb7 f6 46. Rc6+ Ke5 47. Rxb6 g5 48. Ra6 Rb2+ 49. Kc7 Rc2+ 50.
Kd7 Rc8 51. Kxc8 gxh4 52. gxh4 Kf5 53. Ra4 Ke5 54. Ra5+ Kf4 55. Rxh5 Kg4 56. Rh6 f5 57. Rf6 Kxh4 58. Rxf5 Kg4 59. Rf8 1-0

[Event "Late-Titled-Tuesday-Blitz-January-23-2024"]
[Site "Chess.com"]
[Date "2024.01.23"]
[Round "2"]
[White "Hirna2005"]
[Black "Arifarsky"]
[Result "0-1"]
[WhiteElo "2278"]
[BlackElo "2711"]
[TimeControl "180+1"]
[EndTime "14:18:24 PST"]
[Termination "Arifarsky won on time"]

1. e4 c5 2. c3 Nf6 3. e5 Nd5 4. Nf3 d6 5. Bc4 e6 6. d4 cxd4 7. cxd4 Nc6 8. O-O Be7 9. Bd2 O-O 10. Nc3 Nb6 11. Bb3 dxe5 12. dxe5 Na5 13. Bc2 Nac4 14. Qe2 Nxd2 15. Nxd2 Bd7 16. Rad1 Qc7 17. Nf3 Rfd8 18.
Qe4 g6 19. Qf4 Be8 20. Bb1 Rxd1 21. Rxd1 Rd8 22. Rc1 Qd7 23. h4 Bf8 24. h5 Bg7 25.
Ne4 Nd5 26. Qg3 Qe7 27. hxg6 hxg6 28. Neg5 Bh6 29. Qh4 Kg7 30. g3 Bc6 31. Be4 Rh8 32.
Qg4 Bxg5 33. Nxg5 Rh5 34. Nf3 Rh6 35. a3 a5 36. Rd1 Qc5 37. Nd4 Qe7 38. Nxc6 bxc6 39.
Bxd5 exd5 40. f4 Rh5 41. Rc1 Qa7+ 42. Kg2 Qb6 43. Rc2 Qb3 44. Qe2 d4 45. Qd2 Qd5+ 46. Kf2 Rh2+ 47. Ke1 Qe4+ 48. Kd1 Rh1+ 0-1

[Event "Late-Titled-Tuesday-Blitz-January-23-2024"]
[Site "Chess.com"]
[Date "2024.01.23"]
[Round "2"]
[White "Herman-NY"]
[Black "LUISMIGUELOV"]
[Result "1-0"]
[WhiteElo "2476"]
[BlackElo "2181"]
[TimeControl "180+1"]
[EndTime "14:18:26 PST"]
[Termination "Herman-NY won by checkmate"]

1. e4 c6 2. d4 d5 3. e5 c5 4.
dxc5 Nc6 5. f4 Bf5 6. c3 e6 7.
Be3 a5 8. Bb5 Ne7 9. Nf3 Qc7 10.
Nd4 Be4 11. O-O Nf5 12. Nxf5 Bxf5 13. Nd2 Be7 14. g4 Bg6 15. f5 exf5 16. gxf5 Qxe5 17. Bd4 Qc7 18. Qf3 O-O-O 19. Bxc6 Qxc6 20. fxg6 Qxg6+ 21. Qg3 Qxg3+ 22. hxg3 f6 23. Rae1 Rhe8 24. a4 Bf8 25.
Nb3 Re4 26. Nxa5 Rde8 27. Kf2 f5 28. Nb3 g5 29. Nd2 Rxe1 30. Rxe1 Rxe1 31. Kxe1 f4 32. g4 Kd7 33. Nf3 h6 34. b4 Kc6 35. b5+ Kc7 36.
a5 Kd7 37. Ne5+ Kc7 38. Ke2 Be7 39. Kf3 Bf8 40. Ng6 Bxc5 41. Bxc5 b6 42. axb6+ Kb7 43.
Ne7 d4 44. cxd4 Ka8 45. d5 Kb7 46. d6 h5 47. gxh5 g4+ 48. Kxg4 f3 49. Kxf3 Ka8 50.
Ke4 Kb7 51. Kd5 Ka8 52. h6 Kb7 53. h7 Ka8 54. Nc6 Kb7 55. d7 Ka8 56. d8=Q+ Kb7 57. Qb8# 1-0

[Event "Late-Titled-Tuesday-Blitz-January-23-2024"]
[Site "Chess.com"]
[Date "2024.01.23"]
[Round "2"]
[White "K_A_S_T_O_R"]
[Black "maximnovik"]
[Result "1-0"]
[WhiteElo "2891"]
[BlackElo "2576"]
[TimeControl "180+1"]
[EndTime "14:18:27 PST"]
[Termination "K_A_S_T_O_R won on time"]

1. e4 c6 2. d4 d5 3. exd5 cxd5 4. c4 Nf6 5. Nc3 g6 6. cxd5 Nxd5 7. Qb3 Nxc3 8. bxc3 Bg7 9. Nf3 O-O 10. Be2 Nc6 11. O-O b6 12. Bg5 h6 13. Bh4 Bb7 14. Rac1 Rc8 15. Rfd1 Qd7 16. Qa3 e6 17. Bg3 Rfd8 18. Qb2 Qe8 19. Bd3 Ne7 20. Qe2 Nf5 21. Bf4 Qe7 22.
Bxf5 gxf5 23. Ne5 Bxe5 24. Qxe5 Kh7 25. Re1 Rg8 26. Qxf5+ exf5 27. Rxe7 Bxg2 28. Rxf7+ Kg6 29.
Re7 Kh5 30. Bg3 Ba8 31. Kf1 Bd5 32. Re5 Bc4+ 33. Ke1 Rce8 34. Kd2 Rxe5 35. Bxe5 Rd8 36. a3 Kg4 37. Ke3 Rg8 38. f3+ Kh5 39. Bg3 Kg6 40.
Kf4 Re8 41. Rg1 Re2 42. Bh4+ Kf7 43. Kxf5 Be6+ 44. Kf4 Rxh2 45. Bg3 Rc2 46. Rh1 Rxc3 47. Rxh6 Rxa3 48. Ke5 Bc4 49. Rf6+ Kg7 50. Bf4 1-0

[Event "Late-Titled-Tuesday-Blitz-January-23-2024"]
[Site "Chess.com"]
[Date "2024.01.23"]
[Round "2"]
[White "brunoo2003"]
[Black "messiboca"]
[Result "0-1"]
[WhiteElo "2520"]
[BlackElo "2771"]
[TimeControl "180+1"]
[EndTime "14:18:27 PST"]
[Termination "messiboca won by resignation"]

1. e4 e5 2. Nf3 Nc6 3. Bb5 Bc5 4. O-O Nge7 5. c3 Bb6 6. d4 exd4 7. cxd4 d5 8. e5 Bg4 9. Be3 O-O 10. h3 Bxf3 11. gxf3 Nf5 12. Bxc6 bxc6 13. Qd3 g6 14. Kh2 Qh4 15. Rg1 Bxd4 16. Rg4 Bxe5+ 17. f4 Qf6 18. fxe5 Qxe5+ 19. Bf4 Qxb2 20. Qxf5 Qxf2+ 21. Rg2 Qxg2+ 22. Kxg2 gxf5 23. Nd2 Rfe8 24. Kf3 f6 25. Rc1 Re6 26. Nb3 Rae8 27. Nd4 Re4 28. Nxf5 Re1 29. Rxc6 Rf1+ 30. Kg3 Re4 31. Nh6+ Kg7 32. Rxc7+ Kg6 33. Bd2 Rd1 34. Bc1 Rd3+ 35. Kf2 Rc4 36. Rxc4 dxc4 37. Ng4 Rc3 38.
Be3 Rc2+ 39. Kf3 Rxa2 40. Nf2 c3 41. Ne4 c2 42. Nc3 Ra3 43. Ne2 a5 44. Ke4 a4 45.
h4 Rxe3+ 46. Kxe3 a3 47. Nc1 Kh5 48. Kd2 Kxh4 49. Kxc2 Kg3 50. Kb3 h5 51. Kxa3 h4 52. Ne2+ Kf3 53. Ng1+ Kg2 54. Ne2 f5 55. Kb3 Kf2 56. Nf4 Kf3 57. Nh3 Kg3 58. Ng5 f4 59. Kc3 f3 60. Kd2 f2 61. Ke2 Kg2 0-1

[Event "Late-Titled-Tuesday-Blitz-January-23-2024"]
[Site "Chess.com"]
[Date "2024.01.23"]
[Round "2"]
[White "ritanovikova"]
[Black "Zq1"]
[Result "0-1"]
[WhiteElo "2168"]
[BlackElo "2471"]
[TimeControl "180+1"]
[EndTime "14:18:30 PST"]
[Termination "Zq1 won on time"]

1. e4 c5 2. Nc3 g6 3. d3 Bg7 4. Be3 d6 5. Qd2 Nc6 6. g3 b5 7. Bg2 b4 8. Nd1 Rb8 9. h4 h5 10. Nh3 Nf6 11. f3 a5 12. O-O Bd7 13. Nhf2 Ne5 14.
c3 O-O 15. Bh6 a4 16. Bxg7 Kxg7 17. Ne3 a3 18. bxa3 bxc3 19. Qxc3 Ra8 20. f4 Neg4 21. Nexg4 Bxg4 22. Nxg4 hxg4 23. e5 dxe5 24. Bxa8 Qxa8 25. fxe5 Nd5 26. Qxc5 e6 27. Rf2 Qb7 28. Raf1 Ne7 29.
a4 Nf5 30. Kh2 Rd8 31. a5 Rxd3 32. Qb6 Qa8 33. Rg2 Ne3 34. Rff2 Nxg2 35. Rxg2 Ra3 36. Qf2 Qf3 37. Qxf3 gxf3 38. Rf2 Rxa5 39. Kh3 Rxe5 40. Rxf3 Ra5 41. Rf2 f5 42. Re2 Kf6 43. Kg2 Ra3 44. Rb2 Ra4 45. Kf3 Ra6 46. Rc2 e5 47. Ke3 Ra3+ 48.
Kf2 Kg7 49. Rb2 Kh6 50. Kg2 Kh5 51. Kh2 Kg4 52. Rb4+ e4 53. Rb2 Kf3 54. Rc2 e3 55. Kg1 Rd3 56. Rc1 e2 57. Kh2 Kf2 58. a4 e1=Q 0-1

[Event "Late-Titled-Tuesday-Blitz-January-23-2024"]
[Site "Chess.com"]
[Date "2024.01.23"]
[Round "2"]
[White "grzechu96"]
[Black "Bigfish1995"]
[Result "1-0"]
[WhiteElo "2710"]
[BlackElo "3128"]
[TimeControl "180+1"]
[EndTime "14:18:32 PST"]
[Termination "grzechu96 won by checkmate"]

1. e4 c6 2. d4 d5 3. e5 Bf5 4.
Nf3 e6 5. Be2 Nd7 6. O-O a5 7.
Nc3 Bg6 8. Rb1 Ne7 9. Bf4 Nf5 10.
Bd3 Be7 11. h3 O-O 12. Ne2 c5 13. c3 b5 14. g4 Nh4 15. Nxh4 Bxh4 16. Bxg6 hxg6 17.
Be3 b4 18. f4 Be7 19. f5 exf5 20. gxf5 gxf5 21. Ng3 Ra6 22. Nxf5 Rg6+ 23. Kh2 Bg5 24.
Qf3 Bxe3 25. Nxe3 cxd4 26. cxd4 Qh4 27. Nf5 Qg5 28. Rg1 Qd2+ 29. Kh1 Re8 30. Rxg6 fxg6 31. Qxd5+ Kh7 32. Qxd7 Rg8 33. Ng3 Qd3 34. Rg1 Qf3+ 35. Kh2 Rf8 36. Qg4 Qe3 37. Qe4 Qg5 38. Rg2 Rf4 39.
Qe3 Qh4 40. e6 Rf8 41. e7 Re8 42. Re2 Qf6 43. d5 a4 44. Qe5 Qf3 45. d6 Qd3 46.
Qe6 b3 47. axb3 axb3 48. d7 Ra8 49. e8=Q Ra1 50. Q8g8+ Kh6 51. Qh8+ Kg5 52. Qe5+ Qf5 53. Nxf5 Rh1+ 54. Kxh1 gxf5 55. Qhxg7+ Kh4 56. Qf4+ Kxh3 57. Qfg3# 1-0

[Event "Late-Titled-Tuesday-Blitz-January-23-2024"]
[Site "Chess.com"]
[Date "2024.01.23"]
[Round "2"]
[White "Piotrek1979"]
[Black "pooh2012"]
[Result "1-0"]
[WhiteElo "2399"]
[BlackElo "2552"]
[TimeControl "180+1"]
[EndTime "14:18:32 PST"]
[Termination "Piotrek1979 won by resignation"]

1. c4 e6 2. Nf3 Nf6 3. g3 d5 4. Bg2 Be7 5. O-O O-O 6. b3 a5 7. d4 c6 8. Nc3 Na6 9. Bb2 Nc7 10.
Qc2 b5 11. Ne5 Bb7 12. c5 Nd7 13. f4 Nxe5 14. fxe5 f6 15. exf6 Bxf6 16. e3 Qe7 17.
Ne2 e5 18. dxe5 Bxe5 19. Nd4 g6 20. Bh3 Rae8 21. Qd2 a4 22. Rxf8+ Rxf8 23. bxa4 bxa4 24. Bc3 Na6 25. Ne6 Bxc3 26. Qxc3 Rf6 27. Rb1 Bc8 28.
Nf4 Bxh3 29. Nxh3 Nxc5 30. Rb8+ Kg7 31. Nf4 Qa7 32. Rg8+ Kxg8 33. Qxf6 Ne4 34. Qe6+ Kg7 35. Qxc6 Qxe3+ 36. Kg2 Qf2+ 37. Kh3 Ng5+ 38. Kg4 Kh6 39. Qc1 Qf3+ 40. Kh4 Qf2 41. Nh3 Qf6 42. Qxg5+ Qxg5+ 43. Nxg5 d4 44. Nf3 d3 45. Kg4 Kg7 46. a3 Kf6 47.
Kf4 g5+ 48. Ke4 g4 49. Nd2 Kg5 50. Ke5 h5 51. Ke4 h4 52. Ke5 hxg3 53. hxg3 Kg6 54. Kf4 Kf6 55. Kxg4 Ke5 56. Kf3 Kd4 57. Kf2 Kc3 58. Ke3 Kc2 59. Nc4 Kb3 60. Kxd3 1-0

[Event "Late-Titled-Tuesday-Blitz-January-23-2024"]
[Site "Chess.com"]
[Date "2024.01.23"]
[Round "2"]
[White "Inepton_Fermion"]
[Black "NtcPou"]
[Result "1-0"]
[WhiteElo "2446"]
[BlackElo "2012"]
[TimeControl "180+1"]
[EndTime "14:18:32 PST"]
[Termination "Inepton_Fermion won by checkmate"]

1. e4 c6 2. c4 d5 3. cxd5 cxd5 4. exd5 Nf6 5. Nf3 g6 6. Nc3 Bg7 7. Bc4 O-O 8. O-O Nbd7 9. d4 Nb6 10. Qb3 Nxc4 11. Qxc4 b6 12. Ne5 Bb7 13. Nc6 Qd7 14.
Re1 Rfe8 15. Ne5 Qd8 16. d6 e6 17. Qc7 Qxc7 18. dxc7 Rac8 19. Nb5 a6 20. Nd6 Rxc7 21. Nxe8 Nxe8 22. Bf4 Rc2 23. Rab1 h6 24. Rec1 Re2 25. Kf1 Re4 26. Be3 Bxe5 27. dxe5 Rxe5 28. Bxb6 Rg5 29.
f3 a5 30. Rc5 Kg7 31. Rxa5 e5 32. Be3 Rf5 33. Re1 e4 34. Rxf5 gxf5 35. fxe4 fxe4 36.
b4 Nd6 37. a4 Nc4 38. Bd4+ Kg6 39. b5 Nd2+ 40. Ke2 Nb3 41. Bc3 Nc5 42. a5 Nd3 43. a6 Bd5 44. Ra1 Bc4 45. a7 Nc5+ 46.
Ke3 Nb3 47. a8=Q Nxa1 48. Qxa1 Bd3 49. Qa5 f5 50. Qb6+ Kg5 51. Qd4 f4+ 52. Kd2 Kg4 53. Qxd3 exd3 54. Kxd3 f3 55. gxf3+ Kxf3 56. Be5 h5 57.
Bg3 h4 58. Bxh4 Kg4 59. Bg3 Kf3 60. b6 Kg2 61. b7 Kh3 62. b8=Q Kg2 63. Qf4 Kh3 64.
Qh4+ Kg2 65. Qg4 Kh1 66. h4 Kg2 67. h5 Kg1 68. h6 Kg2 69. h7 Kg1 70. h8=Q Kg2 71.
Qh2+ Kf1 72. Qf2# 1-0

[Event "Late-Titled-Tuesday-Blitz-January-23-2024"]
[Site "Chess.com"]
[Date "2024.01.23"]
[Round "2"]
[White "Mikhail_Golubev"]
[Black "GothamChess"]
[Result "0-1"]
[WhiteElo "2521"]
[BlackElo "2777"]
[TimeControl "180+1"]
[EndTime "14:18:36 PST"]
[Termination "GothamChess won on time"]

1. e4 d5 2. exd5 Qxd5 3. Nf3 Nf6 4. d4 Bg4 5. Be2 e6 6. O-O Be7 7. c4 Qd8 8. Nc3 O-O 9. h3 Bh5 10. Be3 c6 11. Qb3 Qc7 12. Rad1 Nbd7 13. Rfe1 a5 14. Qc2 Nb6 15. Ne5 Bxe2 16. Qxe2 a4 17. Bf4 Qc8 18. Bg5 h6 19. Bh4 a3 20. b3 Qc7 21. Rd3 Rad8 22. Red1 Ne8 23. Bg3 Qc8 24. Bf4 Nd7 25. Ne4 Nxe5 26.
dxe5 Rxd3 27. Qxd3 f5 28. exf6 Nxf6 29. Nxf6+ Bxf6 30. Qd7 b5 31. c5 b4 32. Qxc8 Rxc8 33. Kf1 Kf7 34. Ke2 Bc3 35. Rd7+ Kf6 36. Kd3 Kg6 37. Be3 Kf5 38. g4+ Kg6 39. Ke4 h5 40. Bd4 hxg4 41. Rxg7+ Kh6 42. Rxg4 Rd8 43. Be3+ Kh7 44.
Rh4+ Kg6 45. Rg4+ Kf7 46. Rg1 Rh8 47. Rg3 Rh4+ 48. Kf3 Rh5 49. Kg2 Rd5 50. Rf3+ Kg6 51. Rg3+ Kf5 52. Rf3+ Ke4 53. Rf4+ Kd3 54. h4 Kc2 55.
Kg3 Kb2 56. Kg4 Kxa2 57. h5 Kxb3 58. h6 a2 59. h7 a1=Q 0-1

[Event "Late-Titled-Tuesday-Blitz-January-23-2024"]
[Site "Chess.com"]
[Date "2024.01.23"]
[Round "2"]
[White "jjbolanos"]
[Black "Rdeux42"]
[Result "0-1"]
[WhiteElo "2104"]
[BlackElo "2461"]
[TimeControl "180+1"]
[EndTime "14:18:37 PST"]
[Termination "Rdeux42 won by resignation"]

1. e4 c6 2. Nf3 d5 3. Nc3 Bg4 4. d4 e6 5. h3 Bh5 6. g4 Bg6 7. Ne5 Bxe4 8. Nxe4 dxe4 9. Bg2 Nd7 10. Nxd7 Qxd7 11. Bxe4 Nf6 12. Bg2 Bd6 13. O-O O-O 14. Bg5 h6 15. Bxf6 gxf6 16. Be4 Qc7 17. Qf3 Kg7 18.
Bd3 Bf4 19. Rfe1 Qd6 20. Re4 Bg5 21. c3 Rfd8 22. Rae1 c5 23. R4e2 cxd4 24. Qe4 Rh8 25. cxd4 Rad8 26. Qxb7 Rd7 27. Qe4 Qxd4 28. Qxd4 Rxd4 29.
Bb5 h5 30. Re4 Rxe4 31. Rxe4 Rb8 32. a4 hxg4 33. hxg4 a6 34. Bxa6 Rxb2 35. Bb5 Bd2 36. Re2 Rb1+ 37. Kg2 Ba5 38. Rc2 Kg6 39. Rc6 Kg5 40.
Be2 Bb6 41. a5 Bd4 42. a6 Rb2 43. Rc4 e5 44. Ra4 Rxe2 45. a7 Rxf2+ 46. Kg3 Bxa7 47. Rxa7 Rb2 48. Rxf7 Rb4 49. Rg7+ Kh6 50. Rf7 Kg6 51.
Rf8 Rb3+ 52. Kg2 Kg5 53. Rg8+ Kf4 54. Rg6 Rb2+ 55. Kf1 Rb6 56. g5 Rb1+ 57. Kf2 Rb2+ 58. Ke1 f5 59. Rg8 Rg2 60. g6 e4 61. g7 Kf3 62. Rf8 Rxg7 63. Rxf5+ Ke3 64. Rf1 Ra7 65.
Kd1 Ra1+ 66. Kc2 Rxf1 0-1

[Event "Late-Titled-Tuesday-Blitz-January-23-2024"]
[Site "Chess.com"]
[Date "2024.01.23"]
[Round "2"]
[White "Chemim21"]
[Black "The_Straightforward_Rook"]
[Result "1-0"]
[WhiteElo "2242"]
[BlackElo "2474"]
[TimeControl "180+1"]
[EndTime "14:18:38 PST"]
[Termination "Chemim21 won on time"]

1. e4 c6 2. d4 d5 3. Nc3 dxe4 4. Nxe4 Nf6 5. Nxf6+ exf6 6. Bc4 Bd6 7. Qe2+ Be7 8.
Nf3 Bg4 9. Be3 O-O 10. h3 Bh5 11. g4 Bg6 12. h4 b5 13. Bb3 a5 14. a4 Re8 15.
axb5 cxb5 16. Qxb5 Be4 17. Qe2 Nc6 18. c3 Qb8 19. Ba4 Bd6 20. Rh3 Re7 21. Rd1 Bf4 22. Qb5 Bxe3 23. fxe3 Rb7 24. Qc5 Qc8 25. Bxc6 Bxc6 26.
Rd2 Rc7 27. Qd6 Bxf3 28. Rxf3 Qxg4 29. Rdf2 Rd7 30. Qg3 Qxg3 31. Rxg3 Kf8 32. Kd2 Rb7 33. Kd3 a4 34. Rgg2 a3 35. bxa3 Rxa3 36. Rb2 Rc7 37. Rgc2 g6 38. e4 Ke7 39. d5 Kd6 40. Kd4 Ra4+ 41.
c4 Kd7 42. Rb6 f5 43. e5 Rca7 44. Rf6 Ke8 45. e6 fxe6 46. Rxe6+ Kf7 47. Rc6 Re7 48. Kc5 Re4 49. Kd6 f4 50. Rc7+ Kf6 51. c5 f3 52.
Kc6 Rf4 53. Rf2 Rae4 54. d6 Re2 55. d7 Ke7 56. Rc8 Rf6+ 57. Kc7 1-0

[Event "Late-Titled-Tuesday-Blitz-January-23-2024"]
[Site "Chess.com"]
[Date "2024.01.23"]
[Round "2"]
[White "angelgab3"]
[Black "Grischuk"]
[Result "1-0"]
[WhiteElo "2687"]
[BlackElo "3061"]
[TimeControl "180+1"]
[EndTime "14:18:41 PST"]
[Termination "angelgab3 won on time"]

1. e4 e5 2. Nf3 Nc6 3. Bb5 a6 4. Ba4 Nf6 5. O-O Be7 6. Re1 b5 7. Bb3 d6 8. c3 O-O 9. d4 Bg4 10. Be3 Bh5 11. Nbd2 Na5 12. Bc2 Ng4 13. a4 Nxe3 14.
fxe3 c5 15. Qe2 Qb6 16. Qf2 Bf6 17. axb5 axb5 18. d5 c4 19. Nf1 Nb7 20. Ng3 Bg6 21. Nf5 Nc5 22. Nd2 Bxf5 23. exf5 e4 24. Nxe4 Nxe4 25.
Bxe4 b4 26. Qd2 bxc3 27. bxc3 h6 28. Bf3 Rxa1 29. Rxa1 Qb3 30. Rc1 Ra8 31. Bd1 Qb5 32. Be2 Ra3 33. Qe1 Qxd5 34. Qf1 Ra4 35. Bd1 Ra2 36. Be2 Ra4 37. Bd1 Ra8 38. Bf3 Qa5 39.
Bxa8 Qxa8 40. Qxc4 Qa7 41. Qd3 Qc5 42. c4 Bg5 43.
Re1 Bf6 44. g3 Be5 45. Kg2 Qa5 46. Re2 Qa1 47. Qd5 Qc3 48. Qa8+ Kh7 49. Qe4 Bf6 50. Rc2 Qb3 51. Rd2 Qa3 52. Qd3 Qa8+ 53. Qd5 Qa7 54.
Re2 Qa6 55. Qxf7 Qb6 56. Qg6+ Kh8 57. Qe8+ Kh7 58. Qe4 Qc5 59. Ra2 Qb6 60. Qg4 Qb7+ 61. Kh3 1-0